 Dungeon Crawl Stone Soup version 0.19.1 (webtiles) character file.

2616 doubledope the Blocker (level 9, -8/75 HPs)
             Began as a Minotaur Fighter on Dec 11, 2016.
             Mangled by loralnil's ghost (11 damage)
             ... on level 7 of the Dungeon.
             The game lasted 00:15:18 (4584 turns).

doubledope the Blocker (Minotaur Fighter)           Turns: 4584, Time: 00:15:19

Health: -8/75      AC: 18    Str: 25    XL:     9   Next: 34%
Magic:  8/8        EV:  7    Int:  5    God:
Gold:   313        SH: 12    Dex:  9    Spells: 0 memorised, 8 levels left

rFire  . . .     SeeInvis .     y - +2 rapier (drain)
rCold  . . .     Gourm    .     C - +0 plate armour
rNeg   . . .     Faith    .     c - +1 shield
rPois  +         Spirit   .     (helmet restricted)
rElec  .         Reflect  .     u - +2 cloak {MR+}
rCorr  .         Harm     .     z - +0 pair of gloves
MR     +....                    (no boots)
Stlth  ..........               (no amulet)
                                (no ring)
                                l - ring of poison resistance

@: no status effects
A: retaliatory headbutt, horns 2
a: no special abilities


You were on level 7 of the Dungeon.
You were very hungry.

You visited 1 branch of the dungeon, and saw 7 of its levels.

You collected 313 gold pieces.

Inventory:

Hand Weapons
 a - a +1 long sword
 y - a +2 rapier of draining (weapon)
Armour
 b - a +0 scale mail
 c - a +1 shield (worn)
 u - a +2 cloak of magic resistance (worn)
 z - a +0 pair of gloves (worn)
 C - a +0 plate armour (worn)
Jewellery
 l - a ring of poison resistance (left hand)
Wands
 F - a wand of digging (12/24)
Scrolls
 e - 4 scrolls of enchant weapon
 h - 2 scrolls of immolation
 i - 6 scrolls of identify
 n - 2 scrolls of amnesia
 p - 3 scrolls of fog
 x - 2 scrolls of fear
 D - a scroll of recharging {unknown}
Potions
 d - a potion of might
 j - a potion of flight {unknown}
 k - 2 potions of curing {unknown}
 m - a potion of degeneration {unknown}
 r - 2 potions of lignification {unknown}
 s - a potion of brilliance {unknown}
 t - a potion of heal wounds {unknown}
 v - 2 potions of mutation {unknown}
 B - a potion of magic {unknown}
 E - a potion of agility {unknown}
Books
 w - a book of Geomancy

   Spells                             Type                      Level
   a - Sandblast                      Earth                        1
   b - Passwall                       Transmutation/Earth          2
   c - Stone Arrow                    Conjuration/Earth            3
   d - Petrify                        Transmutation/Earth          4
   e - Lee's Rapid Deconstruction     Earth                        5
 A - a Young Poisoner's Handbook

   Spells                             Type                      Level
   a - Sting                          Conjuration/Poison           1
   b - Mephitic Cloud                 Conjuration/Poison/Air       3
   c - Olgreb's Toxic Radiance        Poison                       4
   d - Alistair's Intoxication        Transmutation/Poison         5
   e - Venom Bolt                     Conjuration/Poison           5
Comestibles
 f - 6 bread rations
 g - 3 meat rations
 o - a beef jerky
 q - 6 fruits


   Skills:
 + Level 6.1 Fighting
 + Level 1.4(5.1) Short Blades
 + Level 8.6(8.7) Long Blades
 + Level 7.5 Armour
 + Level 4.0 Dodging
 + Level 1.0 Stealth
 + Level 9.0 Shields


You had 8 spell levels left.
You didn't know any spells.

Dungeon Overview and Level Annotations

Branches:
Dungeon (7/15)
 Temple: D:4-7

Altars:
Fedhas
Gozag
Sif Muna
Xom
Yredelemnul
Zin

Annotations:
D:7 loralnil's ghost, novice VSMo


Innate Abilities, Weirdness & Mutations

You reflexively headbutt those who attack you in melee.
You have a pair of horns on your head.


Message History

You miss loralnil's ghost.
Loralnil's ghost is almost destroyed.
Loralnil's ghost completely misses you.
Loralnil's ghost hits you but does no damage.
You barely miss loralnil's ghost. Your headbutt misses loralnil's ghost.
Loralnil's ghost is almost destroyed.
Loralnil's ghost hits you.
* * * LOW HITPOINT WARNING * * *
You miss loralnil's ghost.
Loralnil's ghost is almost destroyed.
You closely miss loralnil's ghost.
Loralnil's ghost is almost destroyed.
Loralnil's ghost says, "Let nature run its course against you!"
You block loralnil's ghost's attack.
You closely miss loralnil's ghost. Your headbutt misses loralnil's ghost.
Loralnil's ghost is almost destroyed.
Loralnil's ghost hits you!
* * * LOW HITPOINT WARNING * * *
Loralnil's ghost hits you!
You die...

#........<....##
##....†#.......##
#..####.........#
#..###.....(.....# .
...##...#..........
..####...##..........
....##...##.........#
#......)).........#
####.<@W#.........#
#.....#.........#
.........#.........#
..........#..........
..:.................
...................
..................
...........###
.......#..


You could see loralnil's ghost.

Vanquished Creatures
  The ghost of loralnil the Grappler, a novice VSMo (D:6)
  A hippogriff (D:7)
  Edmund (D:4)
  An orc warrior (D:6)
  An ice beast (D:6)
  A sky beast (D:5)
  An ogre (D:6)
  3 centaurs
  4 bullfrogs
  The ghost of dscm the Changer, an amateur FeTm (D:4)
  A scorpion (D:5)
  A howler monkey (D:5)
  2 crimson imps (D:6)
  A bullfrog zombie (D:6)
  2 jellies
  3 hounds
  Crazy Yiuf (D:3)
  A bullfrog skeleton (D:5)
  An orc priest (D:6)
  3 orc wizards
  Jessica (D:3)
  2 iguanas (D:6)
  5 worker ants
  A hound skeleton (D:4)
  2 worker ant zombies (D:6)
  7 gnolls
  A howler monkey skeleton (D:4)
  9 adders
  2 worms
  4 dart slugs
  4 leopard geckos
  14 orcs
  6 bats
  4 giant cockroaches
  10 goblins
  8 hobgoblins
  9 jackals
  5 kobolds
  A quokka (D:2)
  A ball python (D:2)
  A frilled lizard (D:1)
  A quokka skeleton (D:6)
  9 rats
138 creatures vanquished.

Vanquished Creatures (others)
  A sky beast (D:7)
1 creature vanquished.

Grand Total: 139 creatures vanquished

Notes
Turn   | Place    | Note
-------+----------+-------------------------------------------
     0 | D:1      | doubledope the Minotaur Fighter began the quest for the Orb.
     0 | D:1      | Reached XP level 1. HP: 19/19 MP: 0/0
   203 | D:1      | Reached XP level 2. HP: 27/27 MP: 1/1
   206 | D:1      | Reached skill level 4 in Shields
   368 | D:1      | Reached XP level 3. HP: 21/33 MP: 2/2
   925 | D:2      | Found a blossoming altar of Fedhas.
   933 | D:2      | Found a shimmering altar of Xom.
   981 | D:2      | Reached XP level 4. HP: 36/40 MP: 3/3
  1055 | D:2      | Found a deep blue altar of Sif Muna.
  1147 | D:2      | Found an opulent altar of Gozag.
  1357 | D:3      | Reached skill level 1 in Dodging
  1357 | D:3      | Reached XP level 5. HP: 39/47 MP: 4/4
  1539 | D:3      | Noticed Jessica
  1548 | D:3      | Killed Jessica
  1548 | D:3      | Reached skill level 5 in Shields
  1749 | D:3      | Found a runed door.
  1753 | D:3      | Noticed Crazy Yiuf
  1757 | D:3      | Killed Crazy Yiuf
  1870 | D:4      | Noticed dscm's ghost (amateur FeTm)
  1877 | D:4      | Killed dscm's ghost
  1877 | D:4      | Reached XP level 6. HP: 53/53 MP: 5/5
  1920 | D:4      | Reached skill level 5 in Long Blades
  2057 | D:4      | Noticed Edmund
  2071 | D:4      | Killed Edmund
  2071 | D:4      | Reached skill level 6 in Shields
  2071 | D:4      | Reached XP level 7. HP: 46/60 MP: 6/6
  2077 | D:4      | Reached skill level 5 in Armour
  2412 | D:5      | Entered Level 5 of the Dungeon
  2421 | D:5      | Reached skill level 5 in Fighting
  2726 | D:5      | Reached skill level 7 in Shields
  3005 | D:5      | Reached XP level 8. HP: 68/68 MP: 7/7
  3045 | D:5      | Found a glowing silver altar of Zin.
  3045 | D:5      | Found a basalt altar of Yredelemnul.
  3122 | D:6      | Noticed loralnil's ghost (novice VSMo)
  3130 | D:6      | Killed loralnil's ghost
  3466 | D:6      | Reached skill level 8 in Shields
  3799 | D:6      | Reached XP level 9. HP: 72/75 MP: 8/8
  4455 | D:7      | Reached skill level 1 in Stealth
  4495 | D:7      | Reached skill level 1 in Short Blades
  4495 | D:7      | Reached skill level 9 in Shields
  4518 | D:7      | Noticed loralnil's ghost (novice VSMo)
  4584 | D:7      | HP: 3/75 [loralnil's ghost (10)]
  4584 | D:7      | Mangled by loralnil's ghost

Skill      XL: |  1  2  3  4  5  6  7  8  9 |
---------------+----------------------------+-----
Fighting       | 4 5 6 |  6.1
Shields        | 4 5 6 7 8 9 |  9.0
Long Blades    | 3 4 5 6 8 |  8.6
Armour         | 4 6 7 |  7.5
Dodging        | 1 2 3 4 |  4.0
Stealth        | 1 |  1.0
Short Blades   | 1 |  1.4

Action                   |  1- 3 |  4- 6 |  7- 9 || total
-------------------------+-------+-------+-------++-------
Melee: Long sword        |    77 |   118 |   168 ||   363
       Headbutt          |    12 |    19 |    56 ||    87
       Rapier            |       |       |    98 ||    98
  Use: Scroll            |       |     6 |     5 ||    11
  Eat: Chunk             |       |     3 |     4 ||     7
       Bread ration      |       |       |     1 ||     1
Armor: Scale mail        |    41 |    62 |    59 ||   162
       Plate armour      |       |       |    62 ||    62
Dodge: Dodged            |    31 |    53 |    75 ||   159
Block: Shield            |    41 |    72 |   146 ||   259
       Rpst.: Long sword |    11 |    19 |    14 ||    44
